Map: Ever Dream LE

Players

Future - Winner!

  • Race: Terran Terran
  • Spawn Location: 1:00

jheffe

  • Race: Terran Terran
  • League: Master
  • Spawn Location: 7:00

Event: DreamHack SC2 Masters 2020 Summer North America

VOD

Have the link to the VOD?

Description

Time

  • Played on: June 30, 2020, 5:39 p.m.
  • Length: 2:45

All games in this series

Show
View Real Time Build Order
Export as new Build Order

Future Terran - Winner!

Build Orders: Gas First Reaper Expand 

Get SALT Encoding   

  12  0:00  SCV  
  13  0:12  SCV  
  14  0:17  Supply Depot  
  14  0:24  SCV  
  14  0:28  Refinery  
  15  0:38  SCV  
  16  0:44  Barracks  
  16  0:50  SCV  
  17  1:02  SCV  
  18  1:14  SCV  
  19  1:30  Reaper  
  19  1:31  Orbital Command  
  20  1:44  Command Center  
  20  1:57  SCV  
  21  2:03  Reaper  
  21  2:04  Supply Depot  
  21  2:07  Refinery  
  22  2:09  SCV  
  23  2:19  Factory  
  23  2:26  SCV  
  24  2:39  Barracks Reactor  
  24  2:40  Bunker  
Show
View Real Time Build Order
Export as new Build Order

jheffe Terran 

Build Orders: Gas First Reaper Expand 

Get SALT Encoding   

  12  0:01  SCV  
  13  0:13  SCV  
  14  0:17  Supply Depot  
  14  0:25  SCV  
  14  0:27  Refinery  
  15  0:38  SCV  
  16  0:44  Barracks  
  16  0:50  SCV  
  17  1:03  SCV  
  18  1:15  SCV  
  19  1:31  Orbital Command, Reaper  
  20  1:50  Command Center  
  20  1:56  Factory  
  20  1:59  SCV  
  21  2:04  Barracks Reactor  
  21  2:11  SCV  
  22  2:21  Supply Depot  
  22  2:23  SCV  
  22  2:24  Refinery  
Tags
 
Add a new tag
Caveats
  • Supply blocks, unpowered buildings, or Contaminate may cause inaccurate times.
  • Supply counts are checked every 10 seconds.